Construct Section Command Post
Selects Australian Defense Battlegroup
Selects Australian Light Infantry Section
Australian Light Infantry Section
Australian Light Infantry Section
Construct Section Command Post
Selects Defensive Tactics
Construct Platoon Command Post
Construct Field Infirmary
Selects CMP 15cwt Supply Run
6-pounder Anti-tank Gun Team
Selects Artillery Trip Wire Flares
Construct Company Command Post